 Dungeon Crawl Stone Soup version 0.31-a0-210-gccc998df9b (webtiles) character file.

Game seed: 9358067695438727627

29 qw the Shooter (level 3, -5/21 HPs)
             Began as a Gargoyle Hexslinger on June 29, 2023.
             Slain by Natasha (7 damage)
             ... on level 2 of the Dungeon.
             The game lasted 00:00:15 (849 turns).

qw the Shooter (Gargoyle Hexslinger)                 Turns: 849, Time: 00:00:16

Health: -5/21      AC:  8    Str: 11    XL:     3   Next: 16%
Magic:  4/4        EV: 10    Int: 13    God:
Gold:   16         SH:  0    Dex: 14    Spells: 3/4 levels left

rFire   . . .        Y - +1 sling
rCold   . . .        (no shield)
rNeg    + . .        d - +0 ring mail
rPois   inf          (no helmet)
rElec   +            (no cloak)
rCorr   .            (no gloves)
SInv    .            (no boots)
Will    .....        (no amulet)
Stlth   +            (no ring)
HPRegen 0.23/turn    (no ring)
MPRegen 0.09/turn

%: no passive effects
@: slowed, very slow
A: sickness immunity, AC +3, negative energy resistance 1, electricity
resistance, torment resistance 1, petrification resistance
a: no special abilities


You were on level 2 of the Dungeon.
You visited 1 branch of the dungeon, and saw 2 of its levels.

You collected 16 gold pieces.


Innate Abilities, Weirdness & Mutations

You are immune to sickness and miasma.
Your stone body is resilient. (AC +3)
You are immune to poison.
You resist negative energy. (rN+)
You are resistant to electric shocks. (rElec)
You are resistant to unholy torment.
You are immune to petrification.


   Skills:
 - Level 2.1 Fighting
 + Level 3.0 Ranged Weapons
 - Level 1.5 Dodging
 - Level 1.0 Spellcasting
 - Level 2.6 Hexes


You had 3 spell levels left.
You knew the following spells:

 Your Spells              Type           Power      Damage    Failure   Level
a - Slow                  Hex            28%        N/A       22%         1

Your spell library contained the following spells:

 Spells                   Type           Power      Damage    Failure   Level
 Inner Flame              Hex/Fire       4%         N/A       75%         3
 Portal Projectile        Hex/Tloc       8%         N/A       75%         3
 Cause Fear               Hex            3%         N/A       92%         4

Inventory:

Hand Weapons
 Y - a +1 sling (weapon)
Armour
 d - a +0 ring mail (worn)
Potions
 a - a potion of enlightenment {unknown}
 b - a potion of might {unknown}
 e - a potion of curing {unknown}
 f - a potion of lignification {unknown}

Dungeon Overview and Level Annotations

Branches:
Dungeon (2/15)

Altars:

Annotations:
D:2 Natasha


Message History

You kill the frilled lizard!
Found a dagger.
Enter note:
a - a fizzy dark potion
Enter note:
Enter note:
b - a white potion You see here a +0 sling.
Enter note:
Enter note:
Found 6 stones.
Enter note:
Enter note: Natasha, Servant of Life and Death comes into view.
Found a scroll labelled JEWASA LYFFIVE.
Natasha hisses angrily.
Enter note:
Enter note: You shoot a sling bullet.
The sling bullet hits Natasha.
Natasha is moderately wounded.
Natasha claws you but does no damage.
A worm comes into view.
You shoot a sling bullet. The sling bullet hits Natasha.
Natasha is heavily wounded.
Natasha claws you.
You shoot a sling bullet. The sling bullet barely misses Natasha.
Natasha stares at you and mumbles some strange words.
The magic dart hits you. Natasha casts a spell at you. The magic dart hits you.
You shoot a sling bullet. The sling bullet barely misses Natasha.
Natasha casts a spell at you. The magic dart hits you!
You shoot a sling bullet. The sling bullet hits Natasha.
Natasha is almost dead.
Natasha claws you.
You shoot a sling bullet. The sling bullet barely misses Natasha.
Natasha casts a spell at you.
You feel yourself slow down. Natasha claws you!
You die...

................###.#...###.##...
##...##.######..# #.#)..###.##..
##...##.# ##..###.............
......... .....).............
##...#..# ##..###.#...#..###..
##...#.. #..# #.#........... ..
#####..###.#............ ##
?.(.................... #
.......@.###..##..###.. #
.....wh#.# #..# #... ..
.####..#.# #.... #### #..#.#
##.... #..#.# ...... ......
...... ##..#.. ...... #..#..


You could see a worm and Natasha.

Vanquished Creatures
  An adder (D:2)
  2 ball pythons
  2 endoplasms (D:1)
  3 goblins
  3 hobgoblins (D:1)
  A quokka (D:1)
  2 frilled lizards
  A kobold (D:1)
  4 rats (D:1)
19 creatures vanquished.

Notes
Turn   | Place    | Note
-------+----------+-------------------------------------------
     0 | D:1      | qw the Gargoyle Hexslinger began the quest for the Orb.
     0 | D:1      | Reached XP level 1. HP: 12/12 MP: 2/2
     0 | D:1      | 0 ||| qw: Version: 0.3-a-24-ga2abf7b
     0 | D:1      | 0 ||| qw: Game counter: 6990
     0 | D:1      | 0 ||| qw: Melee chars always use a shield: true
     0 | D:1      | 0 ||| qw: God list: Okawaru
     0 | D:1      | 0 ||| qw: Allow faded altars: false
     0 | D:1      | 0 ||| qw: Do Orc after clearing Dungeon:15 true
     0 | D:1      | 0 ||| qw: Do second Lair branch before Depths: true
     0 | D:1      | 0 ||| qw: Lair rune preference: random
     0 | D:1      | 0 ||| qw: Goals: Normal
     0 | D:1      | 0 ||| PLANNING D:1-11
   357 | D:1      | Reached XP level 2. HP: 16/16 MP: 3/3
   532 | D:1      | Reached skill level 3 in Ranged Weapons
   685 | D:1      | 685 ||| UPGRADING to +0 ring mail.
   695 | D:1      | 695 ||| DROPPING +0 robe.
   696 | D:1      | 696 ||| READING scroll labelled QESIPRUDUF.
   697 | D:1      | 697 ||| DROPPING scroll of poison.
   749 | D:2      | Reached XP level 3. HP: 18/21 MP: 4/4
   843 | D:2      | Noticed Natasha
   847 | D:2      | HP: 4/21 [Natasha/magic dart (8)]
   849 | D:2      | Slain by Natasha

Levels and vault maps discovered:
D:1:      saegor_arrival_simple_e, layout_basic
D:2:      layout_basic, ebering_ecumenical_altar_ruins,
          minmay_fractal_squares_5, uniq_natasha

Skill      XL: |  1  2 |
---------------+-------+-----
Ranged Weapons | 3 |  3.0
Fighting       | 2 |  2.1
Dodging        | |  1.5
Spellcasting   | |  1.0
Hexes          | |  2.6

Action                     || total
---------------------------++-------
   Fire: Sling             ||    58
    Use: Scroll            ||     1
 Armour: Robe              ||     3
         Ring mail         ||     1
  Dodge: Dodged            ||     7

Table legend:
 A = Non-vault XP
 B = Vault XP
 C = Vault XP percentage of total XP
 D = Non-vault monster count
 E = Vault monster count
 F = Vault count percentage of total count
                 A         B        C        D         E       F
            +---------+---------+-------+---------+---------+-------
      Total |      42 |       0 |   0.0 |      19 |       0 |   0.0
            +---------+---------+-------+---------+---------+-------
        D:1 |      22 |       0 |   0.0 |      14 |       0 |   0.0
        D:2 |      20 |       0 |   0.0 |       5 |       0 |   0.0
            +---------+---------+-------+---------+---------+-------
